 Dungeon Crawl Stone Soup version 0.26-a0-639-g72c4674329 (webtiles) character file.

Game seed: 11495898305611217626

365 Gargoyl the Skirmisher (level 6, -1/53 HPs)
             Began as a Gnoll Abyssal Knight on Sept 17, 2020.
             Was a Believer of Lugonu.
             Killed by divine providence
             ... invoked by an orc priest
              (12 damage)
             ... on level 4 of the Dungeon.
             The game lasted 00:04:37 (3341 turns).

Gargoyl the Skirmisher (Gnoll Abyssal Knight)       Turns: 3341, Time: 00:04:38

Health: -1/53      AC: 12    Str: 16    XL:     6   Next: 68%
Magic:  9/9        EV: 13    Int: 14    God:    Lugonu [**....]
Gold:   237        SH:  0    Dex: 21    Spells: 9/9 levels left

rFire    . . .     SeeInvis .   a - +1 hand axe
rCold    . . .     Faith    .   (no shield)
rNeg     . . .     Spirit   .   h - +0 ring mail
rPois    .         Reflect  .   p - +2 helmet
rElec    .         Harm     .   n - +0 cloak
rCorr    .         Rampage  .   (no gloves)
MR       .....                  (no boots)
Stlth    ++........             (no amulet)
HPRegen  0.17/turn              f - +6 ring of dexterity
MPRegen  0.11/turn              (no ring)

@: slowed, very slow
A: distributed training, fangs 1, yellow scales 1, screaming 1, strong nose
a: Depart the Abyss, Bend Space, Renounce Religion


You were on level 4 of the Dungeon.
You worshipped Lugonu.
Lugonu was pleased with you.
You visited 1 branch of the dungeon, and saw 4 of its levels.
You visited the Abyss 1 time.

You collected 237 gold pieces.

Inventory:

Hand Weapons
 a - a +1 hand axe (weapon)
Armour
 h - a +0 ring mail (worn)
 n - a +0 cloak (worn)
 p - a +2 helmet (worn)
Jewellery
 f - a +6 ring of dexterity (left hand)
 i - a cursed +6 ring of dexterity
Wands
 o - a wand of flame (15)
 r - a wand of disintegration (14)
Scrolls
 d - 5 scrolls of identify
 l - a scroll of amnesia {unknown}
 m - a scroll of fog {unknown}
 q - a scroll of remove curse
Potions
 b - a potion of mutation
 c - 2 potions of haste
 j - a potion of stabbing {unknown}
 k - a potion of degeneration {unknown}


   Skills:
 + Level 6.9 Fighting
 + Level 2.1 Short Blades
 + Level 2.1 Long Blades
 + Level 5.0 Axes
 + Level 2.1 Maces & Flails
 + Level 2.1 Polearms
 + Level 2.1 Staves
 + Level 2.1 Slings
 + Level 2.1 Bows
 + Level 2.1 Crossbows
 + Level 2.1 Throwing
 + Level 5.0 Armour
 + Level 3.3 Dodging
 + Level 2.1 Stealth
 + Level 2.1 Shields
 + Level 2.1 Unarmed Combat
 + Level 2.1 Spellcasting
 + Level 1.6 Conjurations
 + Level 1.6 Hexes
 + Level 1.6 Summonings
 + Level 1.6 Necromancy
 + Level 1.6 Translocations
 + Level 1.6 Transmutations
 + Level 1.6 Fire Magic
 + Level 1.6 Ice Magic
 + Level 1.6 Air Magic
 + Level 1.6 Earth Magic
 + Level 1.6 Poison Magic
 + Level 5.1 Invocations
 + Level 2.1 Evocations


You had 9 spell levels left.
You didn't know any spells.
Your spell library contained the following spells:

 Spells                   Type           Power        Failure   Level
 Sublimation of Blood     Necr           #.........   32%         2
 Ignite Poison            Fire/Tmut/Pois #.......     54%         3
 Petrify                  Tmut/Erth      #.......     91%         4
 Alistair's Intoxication  Tmut/Pois      #........    99%         5
 Irradiate                Conj/Tmut      #.........   99%         5
 Eringya's Noxious Bog    Tmut/Pois      #.........   100%        6


Dungeon Overview and Level Annotations

Branches:
Dungeon (4/15)
 Temple: D:4-7

Altars:
Makhleb


Innate Abilities, Weirdness & Mutations

Your experience applies equally to all skills.
You have very sharp teeth.
Your uncanny sense of smell can sniff out nearby items.
You are partially covered in yellow scales. (AC +2)
You occasionally shout uncontrollably at your foes.


Message History

The orc wizard gestures wildly while chanting.
The orc wizard blinks!
The iguana misses you.
The orc wizard hits you but does no damage.
The orc priest barely misses you.
The iguana bites you but does no damage.
You are too injured to fight recklessly!
You feel better.
The orc wizard hits you but does no damage.
The orc hits you but does no damage.
The orc wizard points at you and mumbles some strange words.
You feel as though you will be slow longer.
The orc priest hits you but does no damage.
The orc wizard hits you but does no damage.
The iguana bites you!
* * * LOW HITPOINT WARNING * * *
The orc wizard hits you but does no damage.
The orc wizard closely misses you. The orc misses you.
The orc priest mumbles some strange prayers to Beogh against you.
Beogh smites you!
You die...

##........$...#
##.)...........##
#..<............#
#....)...........
#.................
#.........o.......
#................#
#........l.o.....#
#.........o@o.....#
#..........o.ยง.....
................###
......#..#......#
..#...####.......
..#... .##.##. #..
.# .# .# #


You could see an iguana, an orc priest, 3 orc wizards and an orc.

Vanquished Creatures
  A bullfrog (D:3)
  Crazy Yiuf (D:3)
  A hound (D:2)
  An orc wizard (D:3)
  A gnoll (D:3)
  11 adders
  3 oozes
  2 worms (D:2)
  3 dart slugs
  A leopard gecko (D:2)
  6 orcs
  2 giant cockroaches
  10 goblins
  10 hobgoblins
  2 jackals (D:3)
  2 quokkas
  11 bats
  A frilled lizard (D:3)
  7 kobolds
  8 rats
84 creatures vanquished.

Notes
Turn   | Place    | Note
-------+----------+-------------------------------------------
     0 | Abyss:1  | Gargoyl the Gnoll Abyssal Knight began the quest for the
                  | Orb.
     0 | Abyss:1  | Reached XP level 1. HP: 23/23 MP: 3/3
    61 | Abyss:1  | Noticed a large abomination
    73 | Abyss:1  | Gained mutation: You occasionally shout uncontrollably at
                  | your foes. [potion of mutation]
    73 | Abyss:1  | Gained mutation: You are partially covered in yellow
                  | scales. (AC +2) [potion of mutation]
    76 | Abyss:1  | Noticed a sixfirhy
    79 | Abyss:1  | Noticed an iron imp
    81 | D:1      | Escaped the Abyss
   178 | D:1      | Reached * piety under Lugonu
   254 | D:1      | Reached XP level 2. HP: 28/29 MP: 5/5
  1005 | D:2      | Reached XP level 3. HP: 29/35 MP: 6/6
  1072 | D:2      | Reached skill level 1 in Short Blades
  1072 | D:2      | Reached skill level 1 in Long Blades
  1072 | D:2      | Reached skill level 1 in Maces & Flails
  1072 | D:2      | Reached skill level 1 in Polearms
  1072 | D:2      | Reached skill level 1 in Staves
  1072 | D:2      | Reached skill level 1 in Slings
  1072 | D:2      | Reached skill level 1 in Bows
  1072 | D:2      | Reached skill level 1 in Crossbows
  1072 | D:2      | Reached skill level 1 in Throwing
  1072 | D:2      | Reached skill level 1 in Stealth
  1072 | D:2      | Reached skill level 1 in Shields
  1072 | D:2      | Reached skill level 1 in Unarmed Combat
  1072 | D:2      | Reached skill level 1 in Spellcasting
  1072 | D:2      | Reached skill level 1 in Evocations
  1072 | D:2      | Reached XP level 4. HP: 38/41 MP: 7/7
  1092 | D:2      | Found a burning altar of Makhleb.
  1975 | D:3      | Reached skill level 1 in Conjurations
  1975 | D:3      | Reached skill level 1 in Hexes
  1975 | D:3      | Reached skill level 1 in Summonings
  1975 | D:3      | Reached skill level 1 in Necromancy
  1975 | D:3      | Reached skill level 1 in Translocations
  1975 | D:3      | Reached skill level 1 in Transmutations
  1975 | D:3      | Reached skill level 1 in Fire Magic
  1975 | D:3      | Reached skill level 1 in Ice Magic
  1975 | D:3      | Reached skill level 1 in Air Magic
  1975 | D:3      | Reached skill level 1 in Earth Magic
  1975 | D:3      | Reached skill level 1 in Poison Magic
  1983 | D:3      | Reached ** piety under Lugonu
  2057 | D:3      | Reached XP level 5. HP: 45/47 MP: 8/8
  2418 | D:3      | Reached skill level 5 in Invocations
  2418 | D:3      | Reached XP level 6. HP: 44/53 MP: 9/9
  2524 | D:3      | Found a runed translucent door.
  2525 | D:3      | Noticed Crazy Yiuf
  2536 | D:3      | Killed Crazy Yiuf
  2905 | D:3      | Reached skill level 5 in Axes
  2905 | D:3      | Reached skill level 5 in Armour
  3339 | D:4      | HP: 1/53 [iguana (9)]
  3341 | D:4      | Killed from afar by an orc priest

Illustrated notes

Levels and vault maps discovered:
D:1:      minmay_arrival_nine_rooms, layout_loops_ring
D:2:      layout_loops_ring, makhleb_blood_cavern_becter
D:3:      minmay_bubble_buster, layout_rooms, uniq_crazy_yiuf_cottage
D:4:      layout_rooms, corner_web_ring, minmay_misc_feat_iff,
          hangedman_decor_growths

Skill      XL: |  1  2  3  4  5  6 |
---------------+-------------------+-----
Short Blades   | 1 2 |  2.1
Long Blades    | 1 2 |  2.1
Maces & Flails | 1 2 |  2.1
Polearms       | 1 2 |  2.1
Staves         | 1 2 |  2.1
Slings         | 1 2 |  2.1
Bows           | 1 2 |  2.1
Crossbows      | 1 2 |  2.1
Throwing       | 1 2 |  2.1
Stealth        | 1 2 |  2.1
Shields        | 1 2 |  2.1
Unarmed Combat | 1 2 |  2.1
Spellcasting   | 1 2 |  2.1
Evocations     | 1 2 |  2.1
Conjurations   | 1 |  1.6
Hexes          | 1 |  1.6
Summonings     | 1 |  1.6
Necromancy     | 1 |  1.6
Translocations | 1 |  1.6
Transmutations | 1 |  1.6
Fire Magic     | 1 |  1.6
Ice Magic      | 1 |  1.6
Air Magic      | 1 |  1.6
Earth Magic    | 1 |  1.6
Poison Magic   | 1 |  1.6
Dodging        | 3 |  3.3
Invocations    | 5 |  5.1
Axes           | 5 |  5.0
Armour         | 5 |  5.0
Fighting       | |  6.9

Action                   |  1- 3 |  4- 6 || total
-------------------------+-------+-------++-------
Melee: Hand axe          |    75 |   161 ||   236
       Bite              |     9 |    25 ||    34
Invok: Depart the Abyss  |     1 |       ||     1
       Bend Space        |       |     1 ||     1
  Use: Potion            |     1 |     4 ||     5
       Scroll            |     2 |     1 ||     3
 Stab: Sleeping          |       |     2 ||     2
Armor: Leather armour    |    25 |     5 ||    30
       Ring mail         |       |   100 ||   100
Dodge: Dodged            |    64 |   182 ||   246

Table legend: (Time is in decaauts)
 A = Elapsed time spent in this place.
 B = Non-inter-level travel time spent in this place.
 C = Inter-level travel time spent in this place.
 D = Time resting spent in this place.
 E = Time spent auto-exploring this place.
 F = Levels seen in this place.
 G = Mean time per level.
                   A        B        C        D        E       F      G
               +--------+--------+--------+--------+--------+-----+--------+
         Total |   3368 |   3237 |    131 |    425 |   2104 |   5 |  673.6 |
       Dungeon |   3287 |   3156 |    131 |    425 |   2043 |   4 |  821.8 |
         Abyss |     81 |     81 |      0 |      0 |     61 |   1 |   81.0 |
               +--------+--------+--------+--------+--------+-----+--------+

Top non-repeatable levels by time:
     D:3: 1356 daAuts
     D:2: 1070 daAuts
     D:1: 828 daAuts
 Abyss:1: 81 daAuts
     D:4: 32 daAuts
